 Dungeon Sprint DCSS version 0.32-a0-875-g23b751d0ae (webtiles) character file.

Game seed: 15709386217695740533

2468 Conn the Arsonist (level 9, -9/61 HPs)
             Began as an Octopode Fire Elementalist on Mar 31, 2024.
             Was a High Priest of Sif Muna.
             Hit by a silver javelin thrown by Urug (31 damage)
             ... in the Dungeon (Sprint VII: "The Pits").
             The game lasted 00:06:55 (1085 turns).

Conn the Arsonist (Octopode Fire Elementalist)      Turns: 1085, Time: 00:06:55

Health: -9/61      AC:  1    Str:  7    XL:     9   Next: 51%
Magic:  3/21       EV: 21    Int: 22    God:    Sif Muna [*****.]
Gold:   0          SH:  0    Dex: 15    Spells: 2/24 levels left

rFire   . . .        r - +2 rapier "Arofuel" {drain, Dex+3}
rCold   . . .        (no shield)
rNeg    . . .        (helmet restricted)
rPois   .            (no amulet)
rElec   .            m - +3 ring of evasion
rCorr   .            n - +3 ring of evasion
SInv    .            (no ring)
Will    .....        (no ring)
Stlth   ++++         (no ring)
HPRegen 0.30/turn    (no ring)
MPRegen 0.17/turn    (no ring)
                     (no ring)

%: no teleportation
@: very slightly contaminated, invisible
A: almost no armour, amphibious, 8 rings, camouflage 1, gelatinous body 1,
(nimble swimmer 1), tentacles
a: Renounce Religion, Channel Magic, Forget Spell, Divine Exegesis


You were in the Dungeon.
You worshipped Sif Muna.
Sif Muna was extremely pleased with you.
You visited 1 branch

Inventory:

Hand Weapons
 g - a +2 falchion
 l - a +2 mace of protection
 q - a +2 scimitar of protection
 r - the +2 rapier "Arofuel" (weapon) {drain, Dex+3}
   (You found it in the Dungeon)

   Dex+3:     It affects your dexterity (+3).
Jewellery
 m - a +3 ring of evasion (left tentacle)
 n - a +3 ring of evasion (right tentacle)
Scrolls
 f - a scroll of blinking
 i - 2 scrolls of vulnerability
 j - 5 scrolls of amnesia
 k - a scroll of butterflies
Potions
 a - 5 potions of magic
 b - 6 potions of curing
 c - 13 potions of heal wounds
 d - 2 potions of haste
 e - 4 potions of berserk rage
 h - a potion of invisibility
 o - a potion of brilliance
 p - a potion of might


   Skills:
 + Level 5.6 Fighting
 - Level 1.4 Long Blades
 + Level 7.2 Dodging
 - Level 5.0 Stealth
 + Level 8.4 Spellcasting
 * Level 8.8 Conjurations
 - Level 3.8 Hexes
 * Level 11.1 Fire Magic
 * Level 5.7 Air Magic
 + Level 7.7 Invocations


You had 2 spell levels left.
You knew the following spells:

 Your Spells              Type           Power      Damage    Failure   Level
a - Foxfire               Conj/Fire      100%       2x1d9     1%          1
b - Scorch                Fire           100%       2d9       1%          2
c - Inner Flame           Hex/Fire       42%        N/A       1%          3
d - Flame Wave            Conj/Fire      52%        2d13      1%          4
e - Starburst             Conj/Fire      26%        6d8       19%         6
f - Plasma Beam           Fire/Air       23%        2x1d35    34%         6

Your spell library contained the following spells:

 Spells                   Type           Power      Damage    Failure   Level
 Kiss of Death            Conj/Necr      100%       2d13      1%          1
 Volatile Blastmotes      Fire/Tloc      66%        2d15      2%          3
 Confusing Touch          Hex            26%        N/A       4%          3
 Dispel Undead            Necr           9%         3d8       56%         4


Dungeon Overview and Level Annotations

Branches:
Dungeon (1/1)

Altars:
Ashenzari
Cheibriados
Dithmenos
Elyvilon
Fedhas
Gozag
Hepliaklqana
Kikubaaqudgha
Makhleb
Nemelex Xobeh
Okawaru
Qazlal
Ru
Sif Muna
Trog
Uskayaw
Vehumet
Wu Jian
Xom
Yredelemnul
Zin
The Shining One
Beogh
Jiyva
Lugonu

Annotations:
D Urug


Innate Abilities, Weirdness & Mutations

You cannot wear most types of armour.
You are amphibious.
You can wear up to eight rings at the same time.
Your skin changes colour to match your surroundings (Stealth+).
Your rubbery body absorbs attacks. (AC +1, EV +1)
((You are camouflaged when in or above water. (Stealth+)))
You have tentacles for arms and can constrict up to eight enemies at once.


Message History

Unknown command.
Your foxfire dissipates!
You feel sick.
The killer bee is engulfed in blazing flames.
Flame seeps out of the killer bee.
Unknown command.
Casting: Foxfire (safe; 1% risk of failure)
Confirm with . or Enter, or press ? or * to list all spells.
Flames lash the killer bee.
Sif Muna accepts your kill.
The killer bee explodes!
You feel sick.
You hear a roar!
You feel sick.
You feel sick.
There is a huge open gate to the Metal Vault (Medium) here.
Casting: Scorch (safe; 1% risk of failure)
Confirm with . or Enter, or press ? or * to list all spells.
Aiming: Inner Flame (safe; 1% risk of failure)
Press: ? - help, Dir - move target, f - killer bee
Aim: a killer bee (lightly wounded, unable to see you, chance to affect: 94%)
The killer bee is filled with an inner flame.
You feel sick.
Unknown command.
You feel sick.
You are no longer poisoned.
There is a huge open gate to the Metal Vault (Medium) here.
Unknown command.
Urug squints and screams, "I know a harpy when I see one!"
As you close the huge gate, it creaks loudly!
Urug opens the huge gate.
Unknown command.
You close the huge gate.
Urug opens the huge gate.
You close the huge gate.
Urug opens the huge gate.
You close the huge gate.
Urug breaks down the huge gate.
Urug throws a silver javelin.
The silver javelin pierces through you!!
Ouch! That really hurt!
You die...
Urug screams, "Revenge at last!"

_________.# _________.#
_______...###########++######
#########'##................#
..(.')))'.##......#..#......#
#########.##................+
...........'))..)...........+
'#####'#####......#).#......#
.#.....#[[##....@...o.......#
.#.....#))#####'#####''######
.###'###))##.......##''#
.#.....#.)##.......##o.##
.#.....#..##.......##...##
.####'##'###...<...###...##+##.
.#..†.....##.......# ##y........
.#†.......##.......###†.###+###.
'###########.......##.†##.....


You could see Urug (unable to see you).

Vanquished Creatures
  2 deep elf zephyrmancers (D)
  A lindwurm (D)
  Grinder (D)
  2 glass eyes (D)
  A water moccasin (D)
  A sky beast (D)
  3 wights (D)
  3 killer bees (D)
  A quasit (D)
  An orc priest (D)
  Jessica (D)
  An adder (D)
  2 river rats (D)
  An ufetubus (D)
  2 dart slugs (D)
  A ribbon worm (D)
  4 orcs (D)
  2 bats (D)
  3 goblins (D)
  A hobgoblin (D)
  A kobold (D)
  A ball python (D)
  A jackal skeleton (D)
  A rat (D)
38 creatures vanquished.

Vanquished Creatures (others)
  A killer bee (D)
  59 foxfires (D)
60 creatures vanquished.

Grand Total: 98 creatures vanquished

Notes
Turn   | Place    | Note
-------+----------+-------------------------------------------
     0 | D        | Conn the Octopode Fire Elementalist began the quest for the
                  | Orb.
     0 | D        | Reached XP level 1. HP: 11/11 MP: 3/3
    23 | D        | Found a bloodstained altar of Trog.
    23 | D        | Found a shimmering blue altar of Sif Muna.
    23 | D        | Found a viscous altar of Jiyva.
    23 | D        | Found a hazy altar of Hepliaklqana.
    23 | D        | Found an opulent altar of Gozag.
    25 | D        | Found a glowing golden altar of the Shining One.
    25 | D        | Found a glowing silver altar of Zin.
    25 | D        | Found a basalt altar of Yredelemnul.
    25 | D        | Found a shimmering altar of Xom.
    25 | D        | Found an ornate altar of the Wu Jian Council.
    25 | D        | Found a sacrificial altar of Ru.
    25 | D        | Found a stormy altar of Qazlal.
    25 | D        | Found an iron altar of Okawaru.
    25 | D        | Found a sparkling altar of Nemelex Xobeh.
    25 | D        | Found a burning altar of Makhleb.
    25 | D        | Found a blossoming altar of Fedhas.
    25 | D        | Found a white marble altar of Elyvilon.
    25 | D        | Found a shadowy altar of Dithmenos.
    25 | D        | Found a snail-covered altar of Cheibriados.
    26 | D        | Found a radiant altar of Vehumet.
    26 | D        | Found a corrupted altar of Lugonu.
    26 | D        | Found a roughly hewn altar of Beogh.
    27 | D        | Found an ancient bone altar of Kikubaaqudgha.
    27 | D        | Found a hide-covered altar of Uskayaw.
    27 | D        | Found a broken altar of Ashenzari.
    28 | D        | Became a worshipper of Sif Muna the Loreminder
   107 | D        | Noticed a glass eye
   114 | D        | Killed a glass eye
   114 | D        | Reached * piety under Sif Muna
   115 | D        | Reached skill level 1 in Long Blades
   115 | D        | Reached skill level 5 in Spellcasting
   115 | D        | Reached skill level 8 in Fire Magic
   115 | D        | Reached XP level 2. HP: 17/17 MP: 0/8
   115 | D        | Reached XP level 3. HP: 21/21 MP: 0/9
   115 | D        | Reached XP level 4. HP: 27/27 MP: 0/11
   115 | D        | Reached XP level 5. HP: 31/31 MP: 0/12
   205 | D        | Learned a level 2 spell: Scorch
   209 | D        | Learned a level 3 spell: Inner Flame
   214 | D        | Learned a level 4 spell: Flame Wave
   221 | D        | Reached skill level 5 in Stealth
   223 | D        | Noticed Grinder
   230 | D        | Reached ** piety under Sif Muna
   250 | D        | Reached skill level 1 in Invocations
   251 | D        | Paralysed by Grinder for 4 turns
   257 | D        | Killed Grinder
   258 | D        | Reached XP level 6. HP: 33/41 MP: 0/15
   384 | D        | Noticed a water moccasin
   385 | D        | Noticed a glass eye
   386 | D        | Reached *** piety under Sif Muna
   387 | D        | Reached skill level 9 in Fire Magic
   387 | D        | Killed a glass eye
   388 | D        | Reached skill level 5 in Dodging
   388 | D        | Reached skill level 5 in Conjurations
   388 | D        | Reached XP level 7. HP: 46/46 MP: 10/17
   391 | D        | Reached **** piety under Sif Muna
   392 | D        | Reached skill level 5 in Invocations
   509 | D        | Noticed Jessica
   511 | D        | Killed Jessica
   511 | D        | Reached ***** piety under Sif Muna
   520 | D        | Received a gift from Sif Muna
   521 | D        | Reached XP level 8. HP: 54/54 MP: 8/19
   530 | D        | Learned a level 6 spell: Starburst
   537 | D        | Learned a level 6 spell: Plasma Beam
   585 | D        | Noticed a deep elf zephyrmancer
   589 | D        | Noticed a deep elf zephyrmancer
   590 | D        | Killed a deep elf zephyrmancer
   591 | D        | Reached skill level 10 in Fire Magic
   680 | D        | Killed a deep elf zephyrmancer
   681 | D        | Reached XP level 9. HP: 34/60 MP: 12/21
   813 | D        | Got the +2 rapier "Arofuel" {drain, Dex+3}
   872 | D        | Noticed a lindwurm
   873 | D        | Killed a lindwurm
   874 | D        | Reached skill level 5 in Fighting
   874 | D        | Reached skill level 5 in Air Magic
   885 | D        | Received a gift from Sif Muna
   901 | D        | Reached skill level 11 in Fire Magic
  1059 | D        | Noticed Urug
  1085 | D        | Hit by a silver javelin thrown by Urug

Illustrated notes

Levels and vault maps discovered:
D:        pitsprint [storerooms_1, entrance_room_1, metal_vault_5, armoury_1,
          mini_pit_1, grid_room_1, main_hall_1, silver_pit, the_coven_1,
          the_vestibule_1, steel_vault_1, golden_pit, hallway_of_sentries,
          crystal_vault_3, iron_vault_5, final_vault]

Skill      XL: |  1  2  3  4  5  6  7  8  9 |
---------------+----------------------------+-----
Long Blades    | 1 |  1.4
Dodging        | 4 5 6 7 |  7.2
Stealth        | 4 5 |  5.0
Spellcasting   | 5 6 7 8 |  8.4
Conjurations   | 2 4 5 6 7 8 |  8.8
Fire Magic     | 8 9 10 11 | 11.1
Invocations    | 4 6 7 |  7.7
Fighting       | 2 3 4 5 |  5.6
Hexes          | 2 3 |  3.8
Air Magic      | 4 5 |  5.7

Action                     |  1- 3 |  4- 6 |  7- 9 || total
---------------------------+-------+-------+-------++-------
  Melee: Falchion          |     4 |     3 |       ||     7
         Constrict         |     1 |     1 |     2 ||     4
         Tentacles         |     1 |     1 |       ||     2
         Mace              |       |       |     5 ||     5
   Cast: Foxfire           |     8 |     5 |    23 ||    36
         Scorch            |       |     5 |    11 ||    16
         Inner Flame       |       |     2 |     8 ||    10
         Flame Wave        |       |       |     1 ||     1
         Starburst         |       |       |     1 ||     1
    Use: Potion            |       |     1 |     1 ||     2
   Stab: Sleeping          |       |     1 |     1 ||     2
 Armour: Skin              |       |     5 |    11 ||    16
  Dodge: Dodged            |       |     2 |    26 ||    28

Table legend: (Time is in decaauts)
 A = Elapsed time spent in this place.
 B = Non-inter-level travel time spent in this place.
 C = Inter-level travel time spent in this place.
 D = Time resting spent in this place.
 E = Time spent auto-exploring this place.
 F = Levels seen in this place.
 G = Mean time per level.
                   A        B        C        D        E       F      G
               +--------+--------+--------+--------+--------+-----+--------+
         Total |   1086 |   1086 |      0 |    616 |      0 |   1 | 1086.0 |
       Dungeon |   1086 |   1086 |      0 |    616 |      0 |   1 | 1086.0 |
               +--------+--------+--------+--------+--------+-----+--------+

Top non-repeatable levels by time:
       D: 1086 daAuts
